 Dungeon Crawl Stone Soup version 0.31.0-32-g396128a36d (webtiles) character file.

Game seed: 5872715791675199668

5107 12345 the Cruncher (level 10, 22/96 HPs)
             Began as a Tengu Summoner on Mar 10, 2024.
             Was a Priest of Wu Jian.
             Quit the game on level 9 of the Dungeon.
             The game lasted 00:28:42 (8225 turns).

12345 the Cruncher (Tengu Summoner)                 Turns: 8225, Time: 00:28:42

Health: 22/96      AC: 25    Str: 17    XL:     10   Next: 57%
Magic:  15/19      EV:  2    Int: 15    God:    Wu Jian [***...]
Gold:   460        SH:  0    Dex: 17    Spells: 9/19 levels left

rFire   . . .        a - +0 quarterstaff
rCold   . . .        (shield currently unavailable)
rNeg    . . .        e - melded +1 robe {rC+ rF+}
rPois   +            (helmet currently unavailable)
rElec   .            (cloak currently unavailable)
rCorr   .            k - melded +0 pair of gloves
SInv    .            (boots unavailable)
Will    +....        i - amulet of magic regeneration
Stlth   ++           G - ring of poison resistance
HPRegen 0.36/turn    F - +6 ring of strength
MPRegen 0.56/turn

%: acrobat
@: tree-form, enlightened, inugami summoned
A: stationary, stasis, torment immunity, boosted hp, (beak), (talons 3), evasive
flight, acrobatic
a: Renounce Religion, Wall Jump, Serpent's Lash


You were on level 9 of the Dungeon.
You worshipped Wu Jian.
Wu Jian was most pleased with you.
You were a tree.
You visited 2 branches of the dungeon, and saw 10 of its levels.
You also visited: Sewer.

You collected 460 gold pieces.

Inventory:

Hand Weapons
 a - a +0 quarterstaff (weapon)
 b - a +2 whip of venom
 y - the +10 mace "Giuxkiytz" {flame, Dex+3}
   (You found it on level 4 of the Dungeon)

   Dex+3:     It affects your dexterity (+3).
Missiles
 r - 30 poisoned darts (quivered)
 H - a throwing net
Armour
 e - a +1 robe of resistance (melded)
 k - a +0 pair of gloves (melded)
 A - a +0 troll leather armour {Pargi}
Jewellery
 f - an amulet of faith
 i - an amulet of magic regeneration (around neck)
 s - an amulet of guardian spirit
 x - a ring of protection from fire
 B - a ring of protection from fire
 F - a +6 ring of strength (right branch)
 G - a ring of poison resistance (left branch)
 M - a ring of fire
Wands
 E - a wand of flame (29)
 K - a wand of paralysis (7)
 L - a wand of light (13)
Scrolls
 d - 2 scrolls of enchant weapon {unknown}
 g - a scroll of summoning {unknown}
 j - 3 scrolls of identify
 l - a scroll of vulnerability {unknown}
 o - a scroll of silence {unknown}
 q - 3 scrolls of teleportation
 u - a scroll of revelation {unknown}
 w - a scroll of blinking {unknown}
 z - 2 scrolls of enchant armour {unknown}
 D - a scroll of fog {unknown}
 I - a scroll of noise {unknown}
 J - a scroll of poison {unknown}
Potions
 c - 4 potions of curing
 h - 2 potions of enlightenment
 m - 2 potions of mutation {unknown}
 n - 2 potions of haste {unknown}
 p - a potion of attraction {unknown}
 t - 3 potions of lignification
 v - 4 potions of heal wounds {unknown}
 C - a potion of magic


   Skills:
 * Level 7.7 Fighting
 * Level 8.3 Staves
 + Level 6.4 Dodging
 - Level 2.0 Stealth
 + Level 5.3 Spellcasting
 + Level 8.0 Summonings
 - Level 6.0 Air Magic
 - Level 2.0 Evocations


You had 9 spell levels left.
You knew the following spells:

 Your Spells              Type           Power      Damage    Failure   Level
a - Summon Small Mammal   Summ           100%       N/A       1%          1
b - Call Imp              Summ           56%        N/A       1%          2
c - Call Canine Familiar  Summ           28%        N/A       1%          3
d - Summon Lightning Spi  Summ/Air       25%        N/A       9%          4

Your spell library contained the following spells:

 Spells                   Type           Power      Damage    Failure   Level
 Freeze                   Ice            16%        1d4       16%         1
 Summon Blazeheart Golem  Fire/Summ      16%        N/A       30%         4
 Frozen Ramparts          Ice            8%         1d2       43%         3
 Gell's Gravitas          Tloc           4%         N/A       43%         3
 Hailstorm                Conj/Ice       4%         3d5       43%         3
 Teleport Other           Tloc           4%         N/A       43%         3
 Ignite Poison            Fire/Alch      4%         N/A       83%         4
 Sticky Flame             Fire/Alch      4%         2d4       83%         4
 Dispersal                Tloc           2%         N/A       100%        6
 Ignition                 Fire           2%         3d3       100%        8


Dungeon Overview and Level Annotations

Branches:
Dungeon (9/15)             Temple (1/1) D:6           Sewer (visited)
   Lair: D:8-11         Orc: D:9-12

Altars:
Ashenzari
Cheibriados
Dithmenos
Elyvilon
Fedhas
Gozag
Hepliaklqana
Kikubaaqudgha
Makhleb
Nemelex Xobeh
Okawaru
Ru
Sif Muna
Trog
Uskayaw
Vehumet
Wu Jian
Xom
Zin

Shops:
D:8 :

Annotations:
D:8 1 runed translucent door, zxspectator's ghost, novice GrEE


Innate Abilities, Weirdness & Mutations

You are a tree.
Your roots penetrate the ground, keeping you stationary.
You cannot be teleported.
You are immune to unholy pain and torment.
Your maximum health is greatly increased.
Your equipment is partially melded.
((You have a beak for a mouth.))
((You have claws for feet.))
Your magical flight helps you evade attacks. (EV +4)
You can magically evade attacks while moving or waiting.


Message History

Confirm with . or Enter, or press ? or * to list all spells.
You call for your canine familiar and it appears with a howl!
The killer bee stings you.
The killer bee stings you but does no damage.
The killer bee stings you.
You are poisoned.
The killer bee poisons you!
The killer bee stings your lightning spire but does no damage.
The killer bee stings you but does no damage. x2
The killer bee stings your lightning spire but does no damage.
Unknown command.
You feel better. The killer bee stings you. The killer bee stings you!
The killer bee stings you but does no damage.
The killer bee stings your lightning spire.
A killer bee comes into view.
The killer bee stings you but does no damage. x3
Your inugami hits the killer bee.
The killer bee stings your lightning spire!
Unknown command.
It was a potion of enlightenment.
Your roots keep you in place.
The killer bee stings you but does no damage. x4
The killer bee barely misses your lightning spire.
The killer bee stings you.
* * * LOW HITPOINT WARNING * * *
Your inugami barely misses the killer bee.
The killer bee barely misses your lightning spire.
Unknown command.
Unknown command.
You feel better.
The killer bee stings you but does no damage. x2
The killer bee stings you!
* * * LOW HITPOINT WARNING * * *
The killer bee stings your lightning spire.
A killer bee comes into view.
The killer bee stings you but does no damage. x2
Your inugami hits the killer bee!
The killer bee completely misses your lightning spire.
The killer bee stings you but does no damage.
Unknown command.
Are you sure you want to abandon this character and quit the game? (Confirm with "yes".)

...... ...#...##
...... #......
...... ##....####
......##........##
.........#.#.....#
.............#.<.#
..........########
........###
.......8y♣#
.......yyy#
.......hyy#
.........y#
........†.#
.........y#
..........?
......#...
...###(..


You could see a queen bee, 7 killer bees, a friendly lightning spire (summoned)
and a friendly inugami (summoned).

Vanquished Creatures
  4 yaks (D:8)
  2 wyverns
  Pargi (Sewer)
  A sky beast (D:6)
  An ice beast (D:6)
  An ogre (D:5)
  2 centaurs (D:8)
  2 kobold brigands
  Blork the orc (D:5)
  A bullfrog (D:5)
  2 brain worms (Sewer)
  3 scorpions
  5 killer bees
  3 howler monkeys
  A bombardier beetle (D:7)
  3 jellies
  A gnoll bouda (D:7)
  An orc priest (D:5)
  3 hounds
  An iguana (D:6)
  2 orc wizards
  12 adders
  3 gnolls (D:7)
  2 shadow imps (D:7)
  A white imp (D:6)
  2 ufetubi (D:6)
  5 dart slugs
  14 orcs
  6 ball pythons
  5 endoplasms
  5 giant cockroaches
  9 goblins
  9 hobgoblins
  3 jackals (D:4)
  2 quokkas
  5 bats
  4 frilled lizards
  22 kobolds
  12 rats
162 creatures vanquished.

Vanquished Creatures (collateral kills)
  Sigmund (D:5)
  A wyvern (D:9)
  2 yaks (D:8)
  A water moccasin (D:8)
  An ice beast (D:7)
  An orc warrior (D:7)
  2 ogres
  A kobold brigand (D:7)
  2 scorpions
  13 killer bees
  3 bombardier beetles
  2 orc priests
  A hound (D:5)
  Natasha (D:4)
  An iguana (D:5)
  A gnoll (D:7)
  3 adders
  4 ufetubi
  13 orcs
  A giant cockroach (D:5)
  A jackal (D:4)
  10 kobolds
  2 quokkas
  2 rats (D:5)
70 creatures vanquished.

Vanquished Creatures (others)
  An arcanist (D:5)
1 creature vanquished.

Grand Total: 233 creatures vanquished

Notes
Turn   | Place    | Note
-------+----------+-------------------------------------------
     0 | D:1      | 12345 the Tengu Summoner began the quest for the Orb.
     0 | D:1      | Reached XP level 1. HP: 10/10 MP: 4/4
   123 | D:1      | Reached XP level 2. HP: 16/16 MP: 6/6
   207 | D:1      | Reached skill level 1 in Fighting
   249 | D:1      | Reached skill level 1 in Staves
   402 | D:1      | Reached XP level 3. HP: 20/20 MP: 7/7
   870 | D:2      | Learned a level 2 spell: Call Imp
   874 | D:2      | Learned a level 3 spell: Call Canine Familiar
   908 | D:2      | Reached skill level 5 in Summonings
  1260 | D:2      | Reached XP level 4. HP: 16/26 MP: 8/8
  2184 | D:3      | Reached XP level 5. HP: 30/30 MP: 9/9
  2303 | D:3      | Found a faded altar of an unknown god.
  2696 | D:3      | Reached XP level 6. HP: 20/37 MP: 11/11
  2972 | D:3      | Learned a level 4 spell: Summon Lightning Spire
  3181 | D:4      | Noticed Natasha
  3193 | D:4      | Killed Natasha
  3414 | D:4      | Reached skill level 1 in Air Magic
  3414 | D:4      | Gained mutation: Your magical flight helps you evade
                  | attacks. (EV +4) [Tengu growth]
  3414 | D:4      | Reached XP level 7. HP: 41/41 MP: 6/12
  3490 | D:4      | Found an ornate altar of the Wu Jian Council.
  3518 | D:4      | Became a worshipper of the Wu Jian Council
  3586 | D:4      | Identified the +10 mace "Giuxkiytz" {flame, Dex+3}
  3749 | D:4      | Found a sparkling altar of Nemelex Xobeh.
  3861 | D:4      | Found a blossoming altar of Fedhas.
  4011 | D:5      | Entered Level 5 of the Dungeon
  4191 | D:5      | Noticed Sigmund
  4202 | D:5      | Killed Sigmund
  4203 | D:5      | Reached XP level 8. HP: 44/48 MP: 9/14
  4412 | D:5      | Found a glowing drain.
  4427 | D:5      | Reached skill level 5 in Staves
  4442 | Sewer    | Entered a sewer
  4464 | Sewer    | Noticed Pargi
  4489 | Sewer    | Killed Pargi
  4510 | Sewer    | Reached skill level 5 in Fighting
  4606 | D:5      | Found a bloodstained altar of Trog.
  4607 | D:5      | Noticed a wizard
  4612 | D:5      | Killed a wizard
  4644 | D:5      | Noticed Blork the orc
  4656 | D:5      | Killed Blork the orc
  5373 | D:6      | Reached * piety under Wu Jian
  5384 | D:6      | Reached XP level 9. HP: 45/54 MP: 16/16
  5504 | D:6      | Reached skill level 5 in Dodging
  5672 | D:6      | Found a staircase to the Ecumenical Temple.
  5692 | Temple   | Entered the Ecumenical Temple
  6116 | D:7      | Reached ** piety under Wu Jian
  6688 | D:7      | Reached skill level 5 in Air Magic
  7245 | D:8      | Found Riosed's Self-Improvement Boutique.
  7289 | D:8      | Noticed zxspectator's ghost (novice GrEE)
  7558 | D:8      | Found a hide-covered altar of Uskayaw.
  7564 | D:8      | Reached XP level 10. HP: 56/61 MP: 18/18
  7582 | D:8      | Found a broken altar of Ashenzari.
  7643 | D:8      | Reached skill level 1 in Evocations
  7666 | D:8      | Reached skill level 5 in Spellcasting
  7680 | D:8      | Reached *** piety under Wu Jian
  7806 | D:8      | Found a runed translucent door.
  7860 | D:8      | Found a faded altar of an unknown god.
  7860 | D:8      | Found a glowing silver altar of Zin.
  7867 | D:8      | Found a snail-covered altar of Cheibriados.
  7869 | D:8      | Found a shadowy altar of Dithmenos.
  7870 | D:8      | Found a shimmering altar of Xom.
  8225 | D:9      | Quit the game

Illustrated notes

Levels and vault maps discovered:
D:1:      mrwooster_arrival_statue_2, layout_basic, serial_glass,
          glass_columns_a, glass_columns_a
D:2:      minmay_angry_zag, layout_basic
D:3:      minmay_thinvault, layout_rooms,
          shapermc_ecumenical_altar_mp_highgroup, minmay_ruptured
D:4:      layout_cave_pods, marbit_many_paths, nicolae_wu_jian_wuxing_cycle,
          mainiacjoe_overflow_cross_hatched, serial_column_ruins,
          column_ruins_hut_ruined, column_ruins_open_tiny, column_ruins_grid_2,
          column_ruins_columns_T, column_ruins_open_medium, uniq_natasha
D:5:      layout_basic, trog_wizard, portal_sewer_entry_a,
          dreamdust_wishing_well, uniq_sigmund, uniq_blork_the_orc
D:6:      layout_rooms, minmay_temple_entry_tees, serial_aquarium,
          aquarium_bridge_long_joined [aquarium_subvault_bridge,
          aquarium_subvault_window, aquarium_subvault_wall,
          aquarium_subvault_window, aquarium_subvault_bridge,
          aquarium_subvault_bridge], aquarium_bridge_square
          [aquarium_subvault_bridge, aquarium_subvault_bridge,
          aquarium_subvault_window, aquarium_subvault_wall],
          aquarium_window_corner, aquarium_window_1, aquarium_window_1,
          aquarium_window_fake, aquarium_view_2d, aquarium_view_2b,
          aquarium_balcony_3a, aquarium_pool_five
D:7:      layout_loops_ring, nicolae_benzene_ring,
          corexii_item_surrounded_by_moat
D:8:      layout_basic, chequers_temple_overflow_minitemple,
          jmf_multi_god_temple2, hellmonk_ghost_happy_afterlife,
          minmay_strange_pillars, minivault_23, nicolae_shop_self_help
D:9:      layout_cave_pools, grunt_temple_overflow_holy_war,
          due_lair_maze_entry_diamond, special_room [special_room_bee],
          minmay_shop_chei, uniq_maurice, uniq_gastronok
Temple:   dpeg_three_leaves_temple

Skill      XL: |  1  2  3  4  5  6  7  8  9 10 |
---------------+-------------------------------+-----
Fighting       | 1 2 3 4 5 6 7 |  7.7
Staves         | 1 2 3 4 6 7 8 |  8.3
Summonings     | 5 6 7 8 |  8.0
Dodging        | 3 4 5 6 |  6.4
Spellcasting   | 3 4 5 |  5.3
Air Magic      | 1 2 3 5 6 |  6.0
Evocations     | 2 |  2.0
Stealth        | |  2.0

Action                     |  1- 3 |  4- 6 |  7- 9 | 10-12 || total
---------------------------+-------+-------+-------+-------++-------
  Melee: Quarterstaff      |    80 |   120 |   262 |    57 ||   519
         Kick              |     6 |    28 |    69 |    23 ||   126
         Peck              |     9 |    21 |    37 |     8 ||    75
  Throw: Dart              |       |       |     5 |     2 ||     7
   Cast: Call Imp          |     2 |    13 |    21 |       ||    36
         Summon Small Mamm |       |     7 |       |       ||     7
         Call Canine Famil |       |     2 |    18 |     1 ||    21
         Summon Lightning  |       |       |     8 |     8 ||    16
Ability: Lunge             |       |       |    21 |     2 ||    23
         Whirlwind         |       |       |    10 |     6 ||    16
    Use: Potion            |       |       |     2 |     4 ||     6
         Scroll            |       |       |     1 |       ||     1
   Stab: Sleeping          |     9 |     5 |     5 |       ||    19
         Distracted        |       |     1 |     2 |     1 ||     4
 Armour: Robe              |    35 |    75 |    90 |    25 ||   225
         Skin              |       |       |    25 |    37 ||    62
  Dodge: Dodged            |    45 |   109 |   245 |    50 ||   449
